 Dungeon Crawl Stone Soup version 0.23.0 (webtiles) character file.

Game seed: 4757844914774048559

5093 Laan the Cleaver (level 10, -2/64 HPs)
             Began as a Gargoyle Fighter on Feb 19, 2019.
             Was a High Priest of Okawaru.
             Impaled on a porcupine's spines (16 damage)
             ... on level 8 of the Dungeon.
             The game lasted 00:12:25 (8416 turns).

Laan the Cleaver (Gargoyle Fighter)                 Turns: 8416, Time: 00:12:25

Health: -2/64      AC: 22    Str: 23    XL:     10   Next: 57%
Magic:  10/10      EV:  5    Int:  9    God:    Okawaru [*****.]
Gold:   310        SH: 11    Dex:  9    Spells: 9/9 levels left

rFire    + . .     SeeInvis .   a - +0 war axe
rCold    + . .     Gourm    .   c - +0 shield
rNeg     + . .     Faith    .   t - +0 plate armour
rPois    ∞         Spirit   .   (no helmet)
rElec    +         Reflect  .   b - scarf {rC+ rF+}
rCorr    .         Harm     .   (no gloves)
MR       .....                  x - +0 pair of boots
Stlth    ..........             w - amulet of magic regeneration
HPRegen  0.20/turn              u - ring of flight
MPRegen  0.37/turn              (no ring)

@: studying Throwing
A: negative energy resistance 1, electricity resistance, unbreathing,
petrification resistance, rot immunity, AC +7
a: Heroism, Finesse, Renounce Religion, Evoke Flight


You were on level 8 of the Dungeon.
You worshipped Okawaru.
Okawaru was extremely pleased with you.
You were not hungry.

You visited 1 branch of the dungeon, and saw 9 of its levels.
You also visited: Sewer.

You collected 349 gold pieces.
You spent 39 gold pieces at shops.

Inventory:

Hand Weapons
 a - a +0 war axe (weapon)
Armour
 b - a scarf of resistance (worn)
 c - a +0 shield (worn)
 t - a +0 plate armour (worn)
 x - a +0 pair of boots (worn)
Jewellery
 u - a ring of flight (left hand)
 w - an amulet of magic regeneration (around neck)
Wands
 i - a wand of polymorph (9)
 v - a wand of random effects (13)
 B - a wand of clouds (5)
Scrolls
 e - 3 scrolls of amnesia {unknown}
 h - a scroll of fear {unknown}
 j - 4 scrolls of magic mapping {unknown}
 l - 7 scrolls of teleportation
 m - a scroll of fog {unknown}
 q - 9 scrolls of identify
 r - a scroll of blinking {unknown}
 s - 2 scrolls of enchant armour {unknown}
 y - a scroll of random uselessness {unknown}
 z - a scroll of noise {unknown}
 E - a scroll of remove curse {unknown}
Potions
 d - 4 potions of might
 g - 2 potions of heal wounds {unknown}
 n - a potion of degeneration {unknown}
 o - a potion of cancellation {unknown}
 p - 2 potions of flight {unknown}
 A - a potion of curing
 C - a potion of agility {unknown}
Books
 k - a manual of Throwing
Miscellaneous
 F - a lightning rod (1/4)
Comestibles
 f - a ration
 D - 2 chunks of flesh


   Skills:
 + Level 8.3 Fighting
 * Level 9.1 Axes
 + Level 8.3 Armour
 + Level 8.2 Shields


You had 9 spell levels left.
You didn't know any spells.
Your spell library contained the following spells:

 Spells                   Type           Power        Failure   Level  Hunger
 Summon Small Mammal      Summ           #...         100%        1    ##.....
 Call Imp                 Summ           #.......     100%        2    ###....
 Call Canine Familiar     Summ           #.......     100%        3    ####...
 Summon Guardian Golem    Hex/Summ       #.......     100%        3    ####...
 Summon Ice Beast         Ice/Summ       #.......     100%        4    #####..
 Summon Lightning Spire   Summ/Air       #.......     100%        4    #####..


Dungeon Overview and Level Annotations

Branches:
Dungeon (9/15)             Temple (0/1) D:7
   Lair: D:8-11         Orc: D:9-12

Altars:
Hepliaklqana
Nemelex Xobeh
Okawaru
Ru
The Shining One

Shops:
D:4 *   D:5 [   D:7 %


Innate Abilities, Weirdness & Mutations

You are resistant to torment.
Your stone body is resilient. (AC +7)
You are immune to poison.
You resist negative energy. (rN+)
You are resistant to electric shocks. (rElec)
You can survive without breathing.
You are immune to petrification.
You are immune to rotting.


Message History

You closely miss the porcupine. You block the porcupine's attack.
The porcupine bites you but does no damage.
You closely miss the porcupine.
The porcupine bites you but does no damage.
You are struck by the porcupine's spines.
* * * LOW HITPOINT WARNING * * *
You closely miss the porcupine. You block the porcupine's attack.
You miss the porcupine.
The porcupine bites you but does no damage.
You hit the porcupine.
The porcupine is moderately wounded.
The porcupine bites you but does no damage.
You closely miss the porcupine.
The porcupine is moderately wounded.
The porcupine bites you but does no damage. x2
You closely miss the porcupine.
The porcupine is moderately wounded.
The porcupine barely misses you.
You are struck by the porcupine's spines.
You die...

##.........## ##...#
##.........## ##..<#
#.....)....####....##
##......)...........##
##.......<......##..##
########.........(#####..##
##...## ###.......## ##..#
......# #......r# ##.#
####..#####.....@.# ##.#
#...##........## #..# #
##.......#....# #..# ##
##..#######..## #..# ##.
#### #...## #..# ##..
###### ##....### ##..###..#
.....##
##.......###.......##
##....#
##..###.............#
###..# ##..##
###...........#


You could see a porcupine.

Vanquished Creatures
  Pikel (D:7)
  A troll (D:6)
  3 hungry ghosts
  A porcupine (D:9)
  A water moccasin (D:7)
  3 phantoms
  4 sky beasts
  Purgy (Sewer)
  4 orc warriors
  A slave (D:7)
  3 ice beasts
  2 ogres
  3 centaurs
  A big kobold (D:8)
  3 bullfrogs
  A gnoll sergeant (D:9)
  A scorpion (D:7)
  6 killer bees
  5 howler monkeys
  A crimson imp (D:5)
  A centaur zombie (D:7)
  3 jellies
  7 orc wizards
  5 orc priests
  4 hounds
  A gnoll shaman (D:4)
  An iguana (D:7)
  5 worker ants
  A hound skeleton (D:6)
  A hound zombie (D:5)
  A howler monkey skeleton (D:5)
  A worker ant zombie (D:5)
  12 gnolls
  9 adders
  2 shadow imps (D:8)
  An ooze (D:1)
  2 adder zombies
  An adder skeleton (D:8)
  5 worms
  3 dart slugs
  5 leopard geckos
  25 orcs
  6 giant cockroaches
  5 goblins
  9 hobgoblins
  7 jackals
  4 quokkas
  5 ball pythons
  4 bats
  9 frilled lizards
  A jackal skeleton (D:8)
  13 kobolds
  A quokka skeleton (D:4)
  10 rats
216 creatures vanquished.

Vanquished Creatures (others)
  6 fungi (D:9)
  A plant (D:9)
7 creatures vanquished.

Grand Total: 223 creatures vanquished

Notes
Turn   | Place    | Note
-------+----------+-------------------------------------------
     0 | D:1      | Laan the Gargoyle Fighter began the quest for the Orb.
     0 | D:1      | Reached XP level 1. HP: 14/14 MP: 1/1
    55 | D:1      | Reached skill level 2 in Axes
    58 | D:1      | Reached XP level 2. HP: 19/19 MP: 2/2
   451 | D:1      | Reached XP level 3. HP: 23/23 MP: 3/3
   921 | D:2      | Found a faded altar of an unknown god.
   999 | D:2      | Reached XP level 4. HP: 29/29 MP: 4/4
  1551 | D:3      | Found an iron altar of Okawaru.
  1563 | D:3      | Became a worshipper of Warmaster Okawaru
  1578 | D:3      | Reached skill level 3 in Axes
  1719 | D:3      | Found a glowing drain.
  1729 | Sewer    | Entered a sewer
  1796 | Sewer    | Noticed Purgy
  1803 | Sewer    | Killed Purgy
  1803 | Sewer    | Reached XP level 5. HP: 27/33 MP: 5/5
  2208 | D:3      | Noticed a centaur
  2220 | D:3      | Killed a centaur
  2220 | D:3      | Reached * piety under Okawaru
  2220 | D:3      | Reached XP level 6. HP: 7/39 MP: 6/6
  2425 | D:4      | Noticed a phantom
  2444 | D:4      | Killed a phantom
  2444 | D:4      | Reached skill level 4 in Axes
  2453 | D:4      | Found a sparkling altar of Nemelex Xobeh.
  2603 | D:4      | Reached XP level 7. HP: 16/44 MP: 7/7
  3005 | D:4      | Reached skill level 5 in Armour
  3013 | D:4      | Reached skill level 5 in Fighting
  3199 | D:4      | Found Kealotoc's General Store.
  3207 | D:4      | Bought a scroll of teleportation for 39 gold pieces
  3249 | D:4      | Reached skill level 5 in Shields
  3283 | D:4      | Found a sacrificial altar of Ru.
  3409 | D:5      | Entered Level 5 of the Dungeon
  3517 | D:4      | Reached skill level 5 in Axes
  3617 | D:5      | Reached ** piety under Okawaru
  3630 | D:5      | Reached XP level 8. HP: 16/49 MP: 8/8
  3989 | D:5      | Found Ranlof's Antique Armour Emporium.
  4508 | D:5      | Reached skill level 6 in Axes
  4613 | D:5      | Reached *** piety under Okawaru
  4960 | D:7      | HP: 1/52 [orc warrior/+0 short sword (11)]
  4962 | D:7      | Reached XP level 9. HP: 2/56 MP: 9/9
  5388 | D:6      | Reached skill level 7 in Axes
  5647 | D:6      | Noticed a troll
  5677 | D:6      | Killed a troll
  5677 | D:6      | Reached **** piety under Okawaru
  6146 | D:7      | Found a hazy altar of Hepliaklqana.
  6345 | D:7      | Found Zeskoado's Food Shop.
  6653 | D:7      | Found a staircase to the Ecumenical Temple.
  6987 | D:7      | Reached skill level 8 in Axes
  7007 | D:7      | Noticed Pikel
  7022 | D:7      | Killed Pikel
  7022 | D:7      | Reached XP level 10. HP: 62/64 MP: 10/10
  7835 | D:8      | Found a glowing golden altar of the Shining One.
  8308 | D:9      | Reached skill level 9 in Axes
  8377 | D:9      | Reached ***** piety under Okawaru
  8416 | D:8      | Impaled on a porcupine's spines

Skill      XL: |  1  2  3  4  5  6  7  8  9 10 |
---------------+-------------------------------+-----
Axes           | 2 3 4 5 6 8 9 |  9.1
Fighting       | 4 5 6 7 8 |  8.3
Armour         | 4 5 6 7 8 |  8.3
Shields        | 4 5 6 7 8 |  8.2

Action                   |  1- 3 |  4- 6 |  7- 9 | 10-12 || total
-------------------------+-------+-------+-------+-------++-------
Melee: War axe           |   117 |   153 |   590 |   187 ||  1047
Evoke: Wand              |       |       |     3 |       ||     3
       Lightning rod     |       |       |       |     3 ||     3
  Use: Potion            |       |     1 |     5 |       ||     6
       Scroll            |       |       |     1 |       ||     1
  Eat: Chunk             |     1 |     5 |    14 |     7 ||    27
       Ration            |       |       |     4 |     4 ||     8
Armor: Scale mail        |    60 |   113 |     3 |       ||   176
       Plate armour      |       |       |   544 |   228 ||   772
Dodge: Dodged            |    24 |    52 |   124 |    53 ||   253
Block: Shield            |    55 |   108 |   365 |   165 ||   693
